 Dungeon Crawl Stone Soup version 0.17-a0-18-gc25b939 (webtiles) character file.

37631 BluebellGnoll the Cleaver (level 13, -5/127 HPs)
             Began as a Deep Dwarf Gladiator on Mar 8, 2015.
             Was the Champion of Makhleb.
             Slain by Snorg (12 damage)
             ... on level 1 of the Orcish Mines.
             The game lasted 01:42:06 (19690 turns).

BluebellGnoll the Cleaver (Deep Dwarf Gladiator)   Turns: 19690, Time: 01:42:07

Health: -5/127     AC: 24    Str: 22    XL:     13   Next: 59%
Magic:  23/23      EV:  8    Int:  9    God:    Makhleb [******]
Gold:   1331       SH:  0    Dex: 15    Spells: 0 memorised, 12 levels left

rFire  + . .     SeeInvis .     a - +2 war axe (protect)
rCold  . . .     Clarity  .     Z - +0 plate armour
rNeg   . . .     SustAb   .     (no shield)
rPois  +         Gourm    .     c - +0 helmet
rElec  .         Spirit   .     (no cloak)
rCorr  +         Warding  .     w - +1 pair of gloves
rMut   .         Stasis   .     r - +0 pair of boots
MR     +....                    j - amulet of resist corrosion
Stlth  ..........               y - ring of protection from fire
                                W - ring of poison resistance

@: very slightly contaminated, non-regenerating, somewhat resistant to hostile
enchantments, extremely unstealthy
A: damage resistance, recharge devices, sense surroundings 2, slow healing 3
a: Device Recharging, Minor Destruction, Lesser Servant of Makhleb, Major
Destruction, Greater Servant of Makhleb, Renounce Religion


You were on level 1 of the Orcish Mines.
You worshipped Makhleb.
Makhleb was exalted by your worship.
You were hungry.

You visited 3 branches of the dungeon, and saw 22 of its levels.
You also visited: Sewer.

You collected 1611 gold pieces.
You spent 280 gold pieces at shops.

Inventory:

Hand weapons
 a - a +2 war axe of protection (weapon)
 G - a +0 blowgun
Missiles
 d - 5 throwing nets
 i - 513 stones
 t - 6 needles of slowing
 A - 7 tomahawks (quivered)
 H - 32 poisoned needles
 V - 3 curare-tipped needles
Armour
 c - a +0 helmet (worn)
 r - a +0 pair of boots (worn)
 w - a +1 pair of gloves (worn)
 Z - a +0 plate armour (worn)
Jewellery
 h - an uncursed ring of see invisible
 j - an amulet of resist corrosion (around neck)
 k - an uncursed ring of teleportation
 l - an uncursed amulet of stasis {unknown}
 y - a ring of protection from fire (right hand)
 T - an uncursed ring of ice
 W - a ring of poison resistance (left hand)
Magical devices
 e - a wand of heal wounds (5)
 p - a wand of confusion (30)
 K - a wand of frost (11)
 N - a wand of paralysis (5)
 Q - a wand of draining (6)
Scrolls
 u - 9 scrolls of remove curse
 D - 7 scrolls of magic mapping
 E - 3 scrolls of blinking
 M - 8 scrolls of teleportation
 P - 2 scrolls of fear
 X - 2 scrolls of fog
Potions
 f - a potion of flight {unknown}
 m - 3 potions of resistance {unknown}
 n - a potion of cancellation
 o - 3 potions of brilliance {unknown}
 z - a potion of lignification
 B - 3 potions of agility
 C - 2 potions of berserk rage
 F - a potion of might {unknown}
 I - 2 potions of ambrosia
 J - 4 potions of curing
 O - 2 potions of haste {unknown}
 R - 2 potions of heal wounds {unknown}
 S - a potion of magic {unknown}
 U - a potion of cure mutation {unknown}
Miscellaneous
 q - a plain deck of war {drawn: 5}
Comestibles
 b - 7 chunks of flesh
 s - 10 meat rations


   Skills:
 - Level 11.1 Fighting
 - Level 14.1 Axes
 * Level 5.3 Throwing
 - Level 9.2 Armour
 - Level 3.2 Dodging
 - Level 10.1 Invocations
 * Level 13.3 Evocations


You had 12 spell levels left.
You didn't know any spells.

Dungeon Overview and Level Annotations

Branches:
Dungeon (12/15)            Temple (0/1) D:4            Lair (8/8) D:9
  Swamp (0/5) Lair:3       Spider (0/5) Lair:6          Orc (2/4) D:9
  Slime: Lair:6-8

Altars:
Elyvilon
Fedhas
Kikubaaqudgha
Makhleb
Qazlal
Ru
Sif Muna
Xom

Shops:
D:12 =

Annotations:
D:2 2 runed doors
Orc:1 Snorg


Innate Abilities, Weirdness & Mutations

You are resistant to damage.
You can recharge devices by infusing magical energy.
You passively map the area around you.
You do not heal naturally.


Message History

You closely miss Snorg.
Snorg is severely wounded.
You slash the orc wizard!
You kill the orc wizard!
Makhleb accepts your kill.
You feel a little better. Snorg closely misses you.
Snorg claws you but does no damage. Snorg claws you!
* * * LOW HITPOINT WARNING * * *
You hit Snorg.
Snorg is severely wounded.
Snorg barely misses you. Snorg claws you!
* * * LOW HITPOINT WARNING * * *
Snorg closely misses you. Snorg bites you but does no damage.
Snorg barely misses you. Snorg claws you.
Unknown command.
You slash Snorg!
Snorg is severely wounded.
Snorg bites you but does no damage. Snorg claws you but does no damage.
Snorg claws you!
You die...

* , ,
##.....##
##...... **
### ###....
### ##.#
#.... *
#..##...
##... ,
,**,#
......# ###.
,* ...#....#
## , * *,,
#...T.### ,
, ,
*#...)@).# *
##..)))## ,
,*#.......**
,.....#####
......$, **
,#..... **
*, , * * ,
...$. ,, , *
...# * , , *
, , ,,,


You could see Snorg (berserk).

Vanquished Creatures
  4 hydras
  Harold (Lair:6)
  2 death yaks (Lair:4)
  The ghost of Chiseanne the Unseen, a powerful SpEn of Gozag (Lair:5)
  The ghost of espenoss the Transmogrifier, an experienced FeTm of Makhleb (Orc:1)
  An orc knight (Orc:2)
  2 hill giants (D:12)
  2 manticores (D:11)
  6 black mambas
  A torpor snail (Lair:5)
  8 spiny frogs
  A centaur skeleton (D:10)
  3 komodo dragons
  A troll (D:10)
  A fire drake (Lair:6)
  A freezing wraith (D:10)
  3 basilisks
  5 blink frogs (Lair:4)
  A spriggan (D:9)
  37 yaks
  9 hippogriffs
  Grum (D:9)
  A deep elf fighter (D:9)
  2 vampire mosquitoes (D:12)
  A warg (Orc:1)
  9 porcupines
  15 wolves
  11 water moccasins
  2 black bears
  8 spiders (Lair:6)
  3 ice beasts
  6 orc warriors
  8 necrophages
  4 ogres
  A boring beetle (Lair:4)
  11 centaurs
  14 crocodiles
  2 sky beasts
  Sigmund (D:5)
  2 big kobolds
  17 giant frogs
  A wyvern skeleton (D:9)
  3 scorpions
  5 wights (D:11)
  3 electric eels
  A goliath beetle (D:3)
  A centaur zombie (D:4)
  A quasit (D:6)
  2 jellies (D:2)
  8 orc priests
  A crimson imp (D:8)
  6 hounds
  7 iguanas
  A giant frog skeleton (D:10)
  7 hell rats (Lair:4)
  20 orc wizards
  Natasha (thrice) (D:3)
  10 worker ants
  A killer bee zombie (D:6)
  Ijyb (D:7)
  A hound zombie (D:6)
  Terence (D:3)
  Robin (D:3)
  28 adders
  3 gnolls (D:5)
  18 river rats
  5 giant mites
  A shadow imp (D:6)
  2 worms
  An adder skeleton (D:5)
  An adder zombie (D:9)
  79 orcs
  11 ball pythons
  A bat zombie (D:7)
  15 giant cockroaches
  9 hobgoblins
  7 jackals
  9 oozes
  9 quokkas
  8 sheep
  27 bats
  A giant cockroach zombie (D:5)
  17 giant geckos
  9 giant newts
  29 goblins
  A jackal skeleton (D:6)
  19 kobolds
  38 rats
  11 ballistomycetes (D:11)
  9 fungi
  2 plants
665 creatures vanquished.

Vanquished Creatures (collateral kills)
  3 death yaks (Lair:4)
  A komodo dragon (Lair:4)
  4 wolves (D:9)
  2 hounds
  6 hell rats (Lair:4)
  8 river rats (Lair:4)
  5 rats (Lair:4)
29 creatures vanquished.

Vanquished Creatures (others)
  A giant spore (D:11)
  2 fungi
  A plant (Lair:4)
4 creatures vanquished.

Grand Total: 698 creatures vanquished

Notes
Turn   | Place    | Note
--------------------------------------------------------------
     0 | D:1      | BluebellGnoll, the Deep Dwarf Gladiator, began the quest for the Orb.
     0 | D:1      | Reached XP level 1. HP: 19/19 MP: 1/1
    89 | D:1      | Reached XP level 2. HP: 21/27 MP: 2/2
   415 | D:1      | Reached XP level 3. HP: 18/34 MP: 3/3
   770 | D:2      | Found a runed door.
   770 | D:2      | Found a shimmering altar of Xom.
   777 | D:2      | Found a runed door.
   870 | D:2      | Found a stormy altar of Qazlal.
   870 | D:2      | Found an ancient bone altar of Kikubaaqudgha.
  1001 | D:2      | Found a runed door.
  1003 | D:2      | Found a runed door.
  1004 | D:2      | Found a runed door.
  1008 | D:2      | Found a runed door.
  1017 | D:2      | Reached skill level 4 in Axes
  1017 | D:2      | Reached XP level 4. HP: 22/42 MP: 4/4
  1034 | D:2      | HP: 2/42 [acid (8)]
  1166 | D:2      | Reached skill level 5 in Axes
  1212 | D:2      | Found a blossoming altar of Fedhas.
  1396 | D:3      | Noticed Natasha
  1402 | D:3      | Killed Natasha
  1402 | D:3      | Reached XP level 5. HP: 17/49 MP: 5/5
  1426 | D:3      | Noticed Natasha
  1428 | D:3      | Noticed Terence
  1447 | D:3      | Killed Natasha
  1455 | D:3      | Killed Terence
  1525 | D:3      | Noticed Robin
  1546 | D:3      | Reached skill level 6 in Axes
  1550 | D:3      | Killed Robin
  1807 | D:3      | Reached XP level 6. HP: 27/56 MP: 6/6
  1820 | D:3      | Reached skill level 7 in Axes
  1990 | D:3      | Found a burning altar of Makhleb.
  1996 | D:3      | Became a worshipper of Makhleb the Destroyer
  2044 | D:3      | Reached skill level 1 in Evocations
  2169 | D:3      | Noticed Natasha
  2173 | D:3      | Killed Natasha
  2253 | D:4      | Reached XP level 7. HP: 21/62 MP: 7/10
  2280 | D:4      | Found a staircase to the Ecumenical Temple.
  2649 | D:4      | Acquired Makhleb's first power
  2660 | D:4      | Found a glowing drain.
  2676 | Sewer    | Entered a sewer
  2823 | Sewer    | Acquired Makhleb's second power
  2915 | Sewer    | Reached skill level 5 in Evocations
  3036 | Sewer    | Acquired Makhleb's third power
  3386 | D:4      | Found a deep blue altar of Sif Muna.
  3443 | D:4      | Reached skill level 5 in Fighting
  3878 | D:5      | Entered Level 5 of the Dungeon
  3964 | D:5      | Reached XP level 8. HP: 74/74 MP: 15/15
  4160 | D:5      | Noticed Sigmund
  4177 | D:5      | Killed Sigmund
  4531 | D:5      | Acquired Makhleb's fourth power
  5113 | D:6      | Found a deep blue altar of Sif Muna.
  5534 | D:7      | Noticed Ijyb
  5548 | D:7      | Killed Ijyb
  5713 | D:7      | Gained mutation: You passively map the area around you. [level up]
  5713 | D:7      | Reached XP level 9. HP: 26/85 MP: 19/19
  6322 | D:8      | Reached skill level 5 in Armour
  6339 | D:8      | Got a bloodstained whip
  6372 | D:8      | Identified the cursed +3 whip of Chyamyzu {freeze, +Inv Dex+4 Stlth-} (You found it on level 8 of the Dungeon)
  6625 | D:8      | Acquired Makhleb's fifth power
  6802 | D:8      | Found a white marble altar of Elyvilon.
  6806 | D:8      | Found a sacrificial altar of Ru.
  7172 | D:9      | Noticed Grum
  7187 | D:9      | Killed Grum
  7537 | D:9      | Reached skill level 8 in Armour
  7564 | D:9      | Found a staircase to the Orcish Mines.
  7709 | D:9      | Found a staircase to the Lair.
  7773 | D:9      | Noticed an unseen horror
  8009 | Lair:1   | Entered Level 1 of the Lair of Beasts
  8099 | Lair:1   | Reached XP level 10. HP: 92/92 MP: 20/20
  8115 | Lair:2   | Noticed a spiny frog
  8130 | Lair:1   | Killed a spiny frog
  8130 | Lair:1   | Reached skill level 5 in Throwing
  8130 | Lair:1   | Reached skill level 9 in Armour
  8671 | D:10     | Entered Level 10 of the Dungeon
 10038 | Lair:1   | Noticed a komodo dragon
 10064 | Lair:1   | Killed a komodo dragon
 10112 | Lair:1   | Noticed a black mamba
 10164 | Lair:1   | Killed a black mamba
 10418 | Lair:1   | Noticed a black mamba
 10438 | Lair:1   | Killed a black mamba
 10596 | Lair:1   | Noticed a black mamba
 10619 | Lair:1   | Killed a black mamba
 10619 | Lair:1   | Reached XP level 11. HP: 104/106 MP: 21/21
 11255 | D:11     | Reached skill level 10 in Axes
 11723 | D:11     | Reached skill level 10 in Fighting
 12214 | D:12     | Noticed a hill giant
 12232 | D:12     | Killed a hill giant
 12232 | D:12     | Reached skill level 11 in Axes
 12233 | D:12     | Found Yghaurr's Jewellery Shop.
 12245 | D:12     | Bought an uncursed ring of poison resistance for 280 gold pieces
 12255 | D:12     | Noticed a hill giant
 12272 | D:12     | Killed a hill giant
 12499 | Lair:2   | Reached skill level 1 in Invocations
 12620 | Lair:2   | Noticed a five-headed hydra
 12671 | Lair:2   | Killed a 19-headed hydra
 12761 | Lair:2   | Noticed a komodo dragon
 12774 | Lair:2   | Killed a komodo dragon
 13102 | Lair:2   | Reached skill level 5 in Invocations
 13102 | Lair:2   | Reached XP level 12. HP: 79/117 MP: 22/22
 13417 | Lair:3   | Noticed a six-headed hydra
 13437 | Lair:3   | Killed a 20-headed hydra
 13437 | Lair:3   | Reached skill level 10 in Evocations
 13713 | Lair:3   | Found a staircase to the Swamp.
 14613 | Lair:4   | Noticed a six-headed hydra
 14639 | Lair:4   | Killed a 19-headed hydra
 14722 | Lair:4   | Reached skill level 12 in Evocations
 15334 | Lair:4   | Reached skill level 10 in Invocations
 15334 | Lair:4   | Reached skill level 13 in Evocations
 16264 | Lair:5   | Reached XP level 13. HP: 127/127 MP: 24/24
 16612 | Lair:5   | Noticed Chiseanne's ghost (powerful SpEn)
 16653 | Lair:5   | Killed Chiseanne's ghost
 17286 | Lair:6   | Noticed Harold
 17306 | Lair:6   | Killed Harold
 18175 | Lair:6   | Found a hole to the Spider Nest.
 18729 | Lair:7   | You fall through a shaft!
 18729 | Lair:8   | Entered Level 8 of the Lair of Beasts
 19169 | Orc:1    | Entered Level 1 of the Orcish Mines
 19189 | D:9      | Reached skill level 14 in Axes
 19650 | Orc:1    | Noticed Snorg
 19650 | Orc:1    | Noticed espenoss' ghost (experienced FeTm)
 19683 | Orc:1    | Killed espenoss' ghost
 19690 | Orc:1    | Slain by Snorg

Action                   |  1- 3 |  4- 6 |  7- 9 | 10-12 | 13-15 || total
-------------------------+-------+-------+-------+-------+-------++-------
Melee: War axe           |    98 |   194 |   659 |  1129 |   424 ||  2504
 Fire: Blowgun           |       |       |       |    10 |       ||    10
Throw: Stone             |     4 |     1 |     7 |    19 |       ||    31
       Tomahawk          |       |       |    39 |   127 |    36 ||   202
       Throwing net      |       |       |       |     1 |       ||     1
Invok: Lesser Servant of |       |       |     1 |       |       ||     1
       Major Destruction |       |       |       |     4 |     5 ||     9
       Greater Servant o |       |       |       |     1 |       ||     1
 Abil: Device Recharging |       |       |     1 |     3 |     1 ||     5
Evoke: Wand              |     1 |    24 |    32 |    77 |    23 ||   157
       Deck              |       |       |       |     5 |       ||     5
  Use: Scroll            |     6 |     9 |     5 |     9 |     2 ||    31
       Potion            |       |     1 |     3 |       |     1 ||     5
 Stab: Confused          |       |     9 |    10 |    35 |     9 ||    63
       Invisible         |       |       |     1 |       |    13 ||    14
       Paralysed         |       |       |       |    55 |     8 ||    63
  Eat: Chunk             |       |     5 |    20 |    28 |    12 ||    65
